 Dungeon Crawl Stone Soup version 0.20.0-14-g326068f (webtiles) character file.

152 abstractHop the Skirmisher (level 5, 0/72 HPs)
             Began as a Minotaur Fighter on June 9, 2017.
             Slain by an orc warrior
             ... wielding a +0 short sword
              (2 damage)
             ... in the Ecumenical Temple.
             The game lasted 00:07:40 (2102 turns).

abstractHop the Skirmisher (Minotaur Fighter)       Turns: 2102, Time: 00:07:41

Health: 0/72       AC: 22    Str: 24 (26) XL:     5   Next: 11%
Magic:  4/4        EV:  2    Int:  4 (5)  God:
Gold:   215        SH:  9    Dex:  8 (10) Spells: 4/4 levels left

rFire    . . .     SeeInvis .   a - +0 war axe
rCold    . . .     Gourm    .   c - +0 shield
rNeg     + + +     Faith    .   (armour currently unavailable)
rPois    +         Spirit   .   (helmet currently unavailable)
rElec    .         Reflect  .   (cloak currently unavailable)
rCorr    .         Harm     .   (gloves currently unavailable)
MR       .....     Rnd*Rage +   (boots currently unavailable) Stlth +.........NoTele +
                                (no amulet)
Regen    0.3/turn               (no ring)
MPRegen  0.1/turn               (no ring)

@: mighty, tree-form, hasted, very quick
A: (retaliatory headbutt), berserk 1
a: no special abilities


You were in the Ecumenical Temple.
You were not hungry.
You were a tree.
You visited 2 branches of the dungeon, and saw 5 of its levels.

You collected 215 gold pieces.

Inventory:

Hand Weapons
 a - a +0 war axe (weapon)
Armour
 b - a +0 scale mail (melded)
 c - a +0 shield (worn)
 q - a +0 pair of gloves (melded)
Jewellery
 k - a cursed amulet of inaccuracy {unknown}
 m - a cursed -3 ring of evasion {unknown}
Wands
 v - a wand of flame (20/48)
Scrolls
 i - 3 scrolls of remove curse
 j - 3 scrolls of teleportation
 n - 6 scrolls of identify {unknown}
 o - a scroll of enchant weapon {unknown}
 r - a scroll of recharging
Potions
 e - a potion of magic
 g - a potion of mutation
 l - 2 potions of haste
 p - a potion of curing
Comestibles
 f - 2 bread rations
 h - 3 royal jellies
 s - a meat ration


   Skills:
 * Level 5.2 Fighting
 + Level 3.3 Axes
 * Level 4.8 Armour
 + Level 4.3 Shields


You had 4 spell levels left.
You didn't know any spells.

Dungeon Overview and Level Annotations

Branches:
Dungeon (4/15)             Temple (1/1) D:4

Altars:
Cheibriados
Dithmenos
Sif Muna
Vehumet
Xom
Zin


Innate Abilities, Weirdness & Mutations

((You reflexively headbutt those who attack you in melee.))
((You have a pair of horns on your head.))
((You are partially covered in yellow scales. (AC +2)))
You tend to lose your temper in combat.


Message History

You completely miss the orc warrior. The orc warrior barely misses you.
You hit the orc warrior but do no damage.
You block the orc warrior's attack.
You hit the orc warrior.
The orc warrior is lightly wounded.
The orc warrior hits you but does no damage.
You closely miss the orc warrior.
The orc warrior is lightly wounded.
You barely miss the orc warrior.
The orc warrior is lightly wounded.
The orc warrior hits you but does no damage.
You closely miss the orc warrior.
The orc warrior is lightly wounded.
The orc warrior hits you with a short sword!
* * * LOW HITPOINT WARNING * * *
You slash the orc warrior!
The orc warrior is moderately wounded.
The orc warrior hits you but does no damage.
The orc warrior hits you with a short sword.
You die...

##.##.##......##
.............8..#
..##.##........##
..#...#........#
...._.........##
..#...#......##
..##.##.....##
........o..##
....8..♣..##
#.......###
#########


You could see an orc warrior.

Vanquished Creatures
  2 orc wizards (D:4)
  2 adders (D:2)
  An ooze (D:1)
  3 worms (D:2)
  3 dart slugs (D:1)
  2 leopard geckos
  2 orcs (D:4)
  3 ball pythons
  3 giant cockroaches
  7 goblins
  7 hobgoblins
  2 quokkas
  4 bats
  3 frilled lizards
  5 kobolds
  5 rats
54 creatures vanquished.

Notes
Turn   | Place    | Note
-------+----------+-------------------------------------------
     0 | D:1      | abstractHop the Minotaur Fighter began the quest for the Orb.
     0 | D:1      | Reached XP level 1. HP: 19/19 MP: 0/0
    60 | D:1      | Reached XP level 2. HP: 27/27 MP: 1/1
   135 | D:1      | Reached skill level 4 in Fighting
   276 | D:1      | Reached XP level 3. HP: 33/33 MP: 2/2
   691 | D:2      | Found a radiant altar of Vehumet.
   791 | D:2      | You fall through a shaft!
  1074 | D:2      | Reached XP level 4. HP: 34/41 MP: 3/3
  1976 | D:4      | Found a staircase to the Ecumenical Temple.
  2002 | D:4      | Reached skill level 5 in Fighting
  2039 | D:4      | Noticed an orc warrior
  2044 | D:4      | Reached XP level 5. HP: 37/48 MP: 4/4
  2057 | Temple   | Entered the Ecumenical Temple
  2072 | Temple   | HP: 2/48 [poisoned by an orc wizard]
  2086 | Temple   | Gained mutation: You tend to lose your temper in combat. [potion of mutation]
  2086 | Temple   | Gained mutation: You are partially covered in yellow scales. (AC +2) [potion of mutation]
  2101 | Temple   | HP: 1/72 [orc warrior/short sword (10)]
  2102 | Temple   | Slain by an orc warrior

Skill      XL: |  1  2  3  4 |
---------------+-------------+-----
Fighting       | 4 5 |  5.2
Armour         | 4 |  4.8
Axes           | 3 |  3.3
Shields        | 4 |  4.3

Action                   |  1- 3 |  4- 6 || total
-------------------------+-------+-------++-------
Melee: War axe           |    90 |    51 ||   141
       Headbutt          |    16 |     5 ||    21
  Use: Scroll            |     4 |       ||     4
       Potion            |       |     7 ||     7
  Eat: Chunk             |     1 |     3 ||     4
Armor: Scale mail        |    41 |    26 ||    67
       Skin              |       |     2 ||     2
Dodge: Dodged            |    21 |    18 ||    39
Block: Shield            |    45 |    22 ||    67
